HSSL
COWETA HS TIGERS @ JOHN JAY HS PATRIOTS
04/16/2030
 
TOP OF THE 1ST
Coweta HS Tigers batting - Pitching for John Jay HS Patriots : LHP Brad Buck
Pitching: LHP Brad Buck
Batting: LHB Clarence Sargent 0-0: Ball
1-0: Called Strike
1-1: SINGLE (Flyball, 9S)
Batting: LHB Matt Taylor 0-0: Foul Ball, location: 2F
0-1: Swinging Strike
0-2: Ball
1-2: Ball
2-2: TRIPLE (Flyball, 89XD)
Clarence Sargent scores
Batting: RHB Javier Escalante 0-0: Ball
1-0: Ground out 1-3 (Groundball, P)
Batting: SHB Juan Mercado 0-0: Ball
1-0: Foul Ball, location: 2F
1-1: Called Strike
1-2: Foul Ball, location: 2F
1-2: Ball
2-2: DOUBLE (Flyball, 8RD)
Matt Taylor scores
Batting: LHB Carlos Aponte 0-0: Fly out, F9 (Flyball, 9S)
Batting: RHB José Avilés 0-0: Called Strike
0-1: Foul Ball, location: 2F
0-2: Strikes out swinging
Top of the 1st over - 2 runs, 3 hits, 0 errors, 1 left on base; Coweta HS 2 - John Jay HS 0
BOTTOM OF THE 1ST
John Jay HS Patriots batting - Pitching for Coweta HS Tigers : RHP Dave Valdés
Pitching: RHP Dave Valdés
Batting: RHB Juan Méndez 0-0: SOLO HOME RUN (Line Drive, 7D), Distance : 383 ft
Batting: LHB Robby Lynch 0-0: Ball
1-0: Called Strike
1-1: Ball
2-1: Called Strike
2-2: SOLO HOME RUN (Flyball, 7LD), Distance : 381 ft
Batting: SHB Luis Peña 0-0: Called Strike
0-1: Ball
1-1: Ground out 4-3 (Groundball, 4)
Batting: SHB José Cuevas 0-0: Called Strike
0-1: Called Strike
0-2: Strikes out swinging
Batting: RHB Gunnar Wallace 0-0: Swinging Strike
0-1: Ball
1-1: SINGLE (Line Drive, 7S)
Batting: RHB Vincent Jones 0-0: Ball
1-0: Foul Ball, location: 2F
1-1: Ball
2-1: Called Strike
2-2: Ball
3-2: Foul Ball, location: 2F
3-2: Foul Ball, location: 2F
3-2: Fly out, F7 (Flyball, 7LSF)
Bottom of the 1st over - 2 runs, 3 hits, 0 errors, 1 left on base; Coweta HS 2 - John Jay HS 2
TOP OF THE 2ND
Coweta HS Tigers batting - Pitching for John Jay HS Patriots : LHP Brad Buck
Batting: RHB Kevin Harrington 0-0: Foul Ball, location: 2F
0-1: Foul Ball, location: 2F
0-2: Strikes out looking
Batting: LHB Edward Cook 0-0: Ball
1-0: SINGLE (Line Drive, 3D)
Batting: SHB Mike Bryant 0-0: Ball
1-0: Called Strike
1-1: Foul Ball, location: 2F
1-2: Strikes out looking
Pitching: LHP Darryl Salas
Batting: LHB Clarence Sargent 0-0: Ball
1-0: Called Strike
1-1: Ball
2-1: Foul Ball, location: 2F
2-2: Foul Ball, location: 2F
2-2: SINGLE (Line Drive, 56)
Edward Cook to second
Batting: LHB Matt Taylor 0-0: Ball
1-0: Ball
2-0: Called Strike
2-1: DOUBLE (Groundball, 3L)
Edward Cook scores
Clarence Sargent to third
Runner from 3rd tries for Home, SAFE, throw made at trailing runner, OUT at third!
Top of the 2nd over - 2 runs, 3 hits, 0 errors, 0 left on base; Coweta HS 4 - John Jay HS 2
BOTTOM OF THE 2ND
John Jay HS Patriots batting - Pitching for Coweta HS Tigers : RHP Dave Valdés
Batting: LHB Jeff Egbert 0-0: Ball
1-0: Ball
2-0: Ball
3-0: Called Strike
3-1: Called Strike
3-2: Fly out, F9 (Flyball, 89S)
Batting: RHB José Rodríguez 0-0: Called Strike
0-1: Ball
1-1: Ball
2-1: Ball
3-1: Called Strike
3-2: Strikes out looking
Batting: SHB António Villa 0-0: Swinging Strike
0-1: Foul Ball, location: 2F
0-2: Ball
1-2: Ball
2-2: Strikes out swinging
Bottom of the 2nd over - 0 runs, 0 hits, 0 errors, 0 left on base; Coweta HS 4 - John Jay HS 2
TOP OF THE 3RD
Coweta HS Tigers batting - Pitching for John Jay HS Patriots : LHP Darryl Salas
Batting: RHB Javier Escalante 0-0: Foul Ball, location: 2F
0-1: Called Strike
0-2: Foul Ball, location: 2F
0-2: Ball
1-2: Ball
2-2: Ball
3-2: Foul Ball, location: 2F
3-2: SINGLE (Groundball, 56D)
Batting: SHB Juan Mercado 0-0: Grounds into double play, 6-4-3 (Groundball, 56)
Batting: LHB Carlos Aponte 0-0: Called Strike
0-1: Ball
1-1: Ball
2-1: Foul Ball, location: 2F
2-2: Ball
3-2: Ground out 4-3 (Groundball, 4)
Top of the 3rd over - 0 runs, 1 hit, 0 errors, 0 left on base; Coweta HS 4 - John Jay HS 2
BOTTOM OF THE 3RD
John Jay HS Patriots batting - Pitching for Coweta HS Tigers : RHP Dave Valdés
Batting: RHB Juan Méndez 0-0: Swinging Strike
0-1: Ball
1-1: Foul Ball, location: 2F
1-2: Fly out, F9 (Flyball, 89S)
Batting: LHB Robby Lynch 0-0: Called Strike
0-1: Fly out, F9 (Flyball, 9LS)
Batting: SHB Luis Peña 0-0: Ball
1-0: Ball
2-0: Ball
3-0: Base on Balls
Batting: SHB José Cuevas 0-0: Ball
1-0: Called Strike
1-1: Swinging Strike
1-2: Hit by Pitch
Luis Peña to second
Batting: RHB Gunnar Wallace 0-0: Ball
1-0: Ball
2-0: Ball
3-0: Called Strike
3-1: Ground out 5-3 (Groundball, 56S)
Bottom of the 3rd over - 0 runs, 0 hits, 0 errors, 2 left on base; Coweta HS 4 - John Jay HS 2
TOP OF THE 4TH
Coweta HS Tigers batting - Pitching for John Jay HS Patriots : LHP Darryl Salas
Batting: RHB José Avilés 0-0: Ground out 1-3 (Groundball, 15S)
Batting: RHB Kevin Harrington 0-0: Ground out 5-3 (Groundball, 56)
Batting: LHB Edward Cook 0-0: Ball
1-0: Foul Ball, location: 2F
1-1: Ball
2-1: Hit by Pitch
Batting: SHB Mike Bryant 0-0: Foul Ball, location: 2F
0-1: Ball
1-1: Ball
2-1: Fly out, F9 (Flyball, 89M)
Top of the 4th over - 0 runs, 0 hits, 0 errors, 1 left on base; Coweta HS 4 - John Jay HS 2
BOTTOM OF THE 4TH
John Jay HS Patriots batting - Pitching for Coweta HS Tigers : RHP Dave Valdés
Batting: RHB Vincent Jones 0-0: Ball
1-0: DOUBLE (Flyball, 8RXD)
Batting: LHB Jeff Egbert 0-0: Foul Ball, location: 2F
0-1: Swinging Strike
0-2: Foul Ball, location: 2F
0-2: Strikes out swinging
Batting: RHB José Rodríguez 0-0: Ball
1-0: Foul Ball, location: 2F
1-1: Ball
2-1: Ball
3-1: SINGLE (Line Drive, 78S)
Vincent Jones to third
Runner from 3rd tries for Home, SAFE, no throw
Batting: SHB António Villa 0-0: Ball
1-0: SINGLE (Line Drive, 7S)
José Rodríguez to second
Batting: RHB Juan Méndez 0-0: Ball
1-0: Ball
2-0: Ball
3-0: Called Strike
3-1: Foul Ball, location: 2F
3-2: Foul Ball, location: 2F
3-2: Foul Ball, location: 2F
3-2: Fly out, F9 (Flyball, 9)
Pitching: LHP Jeff Bowers
Batting: LHB Robby Lynch 0-0: Ball
1-0: Swinging Strike
1-1: Called Strike
1-2: Strikes out looking
Bottom of the 4th over - 1 run, 3 hits, 0 errors, 2 left on base; Coweta HS 4 - John Jay HS 3
TOP OF THE 5TH
Coweta HS Tigers batting - Pitching for John Jay HS Patriots : LHP Darryl Salas
Batting: LHB Clarence Sargent 0-0: Foul Ball, location: 2F
0-1: Called Strike
0-2: Strikes out looking
Batting: LHB Matt Taylor 0-0: Ball
1-0: Ball
2-0: Called Strike
2-1: Foul Ball, location: 2F
2-2: Ground out 6-3 (Groundball, 6)
Batting: RHB Javier Escalante 0-0: Ball
1-0: Swinging Strike
1-1: Swinging Strike
1-2: Strikes out looking
Top of the 5th over - 0 runs, 0 hits, 0 errors, 0 left on base; Coweta HS 4 - John Jay HS 3
BOTTOM OF THE 5TH
John Jay HS Patriots batting - Pitching for Coweta HS Tigers : LHP Jeff Bowers
Batting: SHB Luis Peña 0-0: Foul Ball, location: 2F
0-1: Ball
1-1: Called Strike
1-2: Strikes out looking
Batting: SHB José Cuevas 0-0: Called Strike
0-1: Foul Ball, location: 2F
0-2: Ball
1-2: Foul Ball, location: 2F
1-2: Strikes out swinging
Batting: RHB Gunnar Wallace 0-0: Swinging Strike
0-1: Ball
1-1: Swinging Strike
1-2: Ball
2-2: Foul Ball, location: 2F
2-2: Ball
3-2: SINGLE (Line Drive, 89M)
Batting: RHB Vincent Jones 0-0: Swinging Strike
0-1: Foul Ball, location: 2F
0-2: Ball
1-2: Reached on error, E6 (Groundball, 6)
Gunnar Wallace to second
Batting: LHB Jeff Egbert 0-0: Ball
1-0: Ground out 4-3 (Groundball, 4M)
Bottom of the 5th over - 0 runs, 1 hit, 1 error, 2 left on base; Coweta HS 4 - John Jay HS 3
TOP OF THE 6TH
Coweta HS Tigers batting - Pitching for John Jay HS Patriots : LHP Darryl Salas
Batting: SHB Juan Mercado 0-0: Called Strike
0-1: Ground out 6-3 (Groundball, 6)
Batting: LHB Carlos Aponte 0-0: Swinging Strike
0-1: Fly out, F6 (Popup, 6D)
Batting: RHB José Avilés 0-0: Ball
1-0: Ball
2-0: Foul Ball, location: 2F
2-1: Ball
3-1: Fly out, F8 (Flyball, 8LS)
Top of the 6th over - 0 runs, 0 hits, 0 errors, 0 left on base; Coweta HS 4 - John Jay HS 3
BOTTOM OF THE 6TH
John Jay HS Patriots batting - Pitching for Coweta HS Tigers : LHP Jeff Bowers
Batting: RHB José Rodríguez 0-0: Called Strike
0-1: Ball
1-1: Called Strike
1-2: Ball
2-2: Fly out, F7 (Line Drive, 7)
Batting: SHB António Villa 0-0: Called Strike
0-1: Foul Ball, location: 2F
0-2: Ball
1-2: Ball
2-2: Ground out 4-3 (Groundball, 4)
Batting: RHB Juan Méndez 0-0: Ball
1-0: SINGLE (Groundball, 56D)
Batting: LHB Robby Lynch 0-0: DOUBLE (Flyball, 78XD)
Juan Méndez to third
Batting: SHB Luis Peña 0-0: Foul Ball, location: 2F
0-1: Swinging Strike
0-2: Ball
1-2: Ball
2-2: Strikes out looking
Bottom of the 6th over - 0 runs, 2 hits, 0 errors, 2 left on base; Coweta HS 4 - John Jay HS 3
TOP OF THE 7TH
Coweta HS Tigers batting - Pitching for John Jay HS Patriots : LHP Darryl Salas
Batting: RHB Kevin Harrington 0-0: Ball
1-0: Called Strike
1-1: SINGLE (Groundball, 6MD)
Batting: LHB Edward Cook 0-0: Ball
1-0: Foul Ball, location: 2F
1-1: SINGLE (Flyball, 9S)
Kevin Harrington to second
Runner from 2nd tries for 3rd, SAFE, throw made to third
Pitching: RHP Patrick Boone
Batting: SHB Mike Bryant 0-0: Called Strike
0-1: Called Strike
0-2: Ball
1-2: Ball
Wild Pitch!
Kevin Harrington scores
Edward Cook to second
2-2: Strikes out swinging
Batting: LHB Clarence Sargent 0-0: Ball
1-0: Called Strike
1-1: Foul Ball, location: 2F
1-2: DOUBLE (Line Drive, 9LM)
Edward Cook scores
Batting: LHB Matt Taylor 0-0: Foul Ball, location: 2F
0-1: Called Strike
0-2: Ball
1-2: Strikes out swinging
Batting: RHB Javier Escalante 0-0: Called Strike
0-1: Ball
1-1: Ball
2-1: Foul Ball, location: 2F
2-2: Ball
3-2: Strikes out looking
Top of the 7th over - 2 runs, 3 hits, 0 errors, 1 left on base; Coweta HS 6 - John Jay HS 3
BOTTOM OF THE 7TH
John Jay HS Patriots batting - Pitching for Coweta HS Tigers : LHP Jeff Bowers
Batting: SHB José Cuevas 0-0: Called Strike
0-1: Fly out, F4 (Line Drive, 4M)
Batting: RHB Gunnar Wallace 0-0: Ball
1-0: Ball
2-0: Foul Ball, location: 2F
2-1: Ball
3-1: Ground out 6-3 (Groundball, 6MS)
Batting: RHB Vincent Jones 0-0: Ball
1-0: Ball
2-0: Ball
3-0: Called Strike
3-1: Base on Balls
Batting: LHB Jeff Egbert 0-0: Ground out 4-3 (Groundball, 4D)
Bottom of the 7th over - 0 runs, 0 hits, 0 errors, 1 left on base; Coweta HS 6 - John Jay HS 3
TOP OF THE 8TH
Coweta HS Tigers batting - Pitching for John Jay HS Patriots : RHP Patrick Boone
Batting: SHB Juan Mercado 0-0: Swinging Strike
0-1: Ball
1-1: Ball
2-1: Ball
3-1: Called Strike
3-2: SINGLE (Flyball, 89S)
Batting: LHB Carlos Aponte 0-0: Ball
1-0: Called Strike
1-1: Called Strike
1-2: Foul Ball, location: 2F
1-2: Foul Ball, location: 2F
1-2: Ball
Pickoff Throw to First - Error! E1
Juan Mercado to second
2-2: Foul Ball, location: 2F
2-2: Ball
3-2: Strikes out swinging
Batting: RHB José Avilés 0-0: Ball
1-0: Ball
2-0: Ball
3-0: Called Strike
3-1: Called Strike
3-2: Base on Balls
Batting: RHB Kevin Harrington 0-0: Called Strike
José Avilés steals 2nd base
Juan Mercado to third
0-1: Called Strike
0-2: Strikes out looking
Batting: LHB Edward Cook 0-0: Called Strike
0-1: Foul Ball, location: 2F
0-2: Ball
1-2: SINGLE (Line Drive, 4M)
Juan Mercado scores
José Avilés to third
Runner from 3rd tries for Home, SAFE, throw made home
Batting: SHB Mike Bryant 0-0: Ground out 4-3 (Groundball, 4)
Top of the 8th over - 2 runs, 2 hits, 1 error, 1 left on base; Coweta HS 8 - John Jay HS 3
BOTTOM OF THE 8TH
John Jay HS Patriots batting - Pitching for Coweta HS Tigers : LHP Jeff Bowers
Now at C: Antony Jutras
Batting: RHB José Rodríguez 0-0: Ball
1-0: Called Strike
1-1: Called Strike
1-2: Ground out 4-3 (Groundball, 4)
Batting: SHB António Villa 0-0: Ball
1-0: Ball
2-0: Ball
3-0: Base on Balls
Pitching: LHP Ronald Walden
Batting: RHB Juan Méndez 0-0: Fly out, F8 (Flyball, 8RD)
Batting: LHB Robby Lynch 0-0: Ball
1-0: Ball
2-0: Ball
3-0: Base on Balls
António Villa to second
Batting: SHB Luis Peña 0-0: 3-RUN HOME RUN (Flyball, 7D), Distance : 382 ft
Pitching: RHP Steve Jackson
Batting: SHB José Cuevas 0-0: Ball
1-0: Ball
2-0: Ball
3-0: Base on Balls
Batting: RHB Gunnar Wallace 0-0: Ball
1-0: Ground out 6-3 (Groundball, 6S)
Bottom of the 8th over - 3 runs, 1 hit, 0 errors, 1 left on base; Coweta HS 8 - John Jay HS 6
TOP OF THE 9TH
Coweta HS Tigers batting - Pitching for John Jay HS Patriots : RHP Patrick Boone
Batting: LHB Clarence Sargent 0-0: Foul Ball, location: 2F
0-1: Ball
1-1: Fly out, F7 (Flyball, 7)
Batting: LHB Matt Taylor 0-0: Called Strike
0-1: Called Strike
0-2: Ball
1-2: Foul Ball, location: 2F
1-2: Ball
2-2: Foul Ball, location: 2F
2-2: Ground out 4-3 (Groundball, 4M)
Batting: RHB Javier Escalante 0-0: Called Strike
0-1: Swinging Strike
0-2: Ball
1-2: DOUBLE (Line Drive, 7LS)
Pitching: LHP Brendon Root
Batting: SHB Juan Mercado 0-0: Foul Ball, location: 2F
0-1: Called Strike
0-2: Strikes out swinging
Top of the 9th over - 0 runs, 1 hit, 0 errors, 1 left on base; Coweta HS 8 - John Jay HS 6
BOTTOM OF THE 9TH
John Jay HS Patriots batting - Pitching for Coweta HS Tigers : RHP Steve Jackson
Pitching: LHP Gabe Boone
Batting: RHB Vincent Jones 0-0: Called Strike
0-1: Swinging Strike
0-2: Foul Ball, location: 2F
0-2: Ball
1-2: Ground out 4-3 (Groundball, 4M)
Batting: LHB Jeff Egbert 0-0: Called Strike
0-1: Swinging Strike
0-2: Hit by Pitch
Batting: RHB José Rodríguez 0-0: Ball
1-0: Ball
2-0: Swinging Strike
2-1: Swinging Strike
2-2: Foul Ball, location: 2F
2-2: Ball
3-2: Foul Ball, location: 2F
3-2: Base on Balls
Jeff Egbert to second
Pinch Hitting: RHB Bud Gaston 0-0: Fly out, F9 (Flyball, 9)
Runner from 2nd tags up, SAFE at 3rd with throw
Batting: RHB Juan Méndez 0-0: Foul Ball, location: 2F
0-1: Ball
1-1: Ball
2-1: Foul Ball, location: 2F
2-2: Ball
3-2: Base on Balls
José Rodríguez to second
Batting: LHB Robby Lynch 0-0: Called Strike
0-1: Foul Ball, location: 2F
0-2: Ball
1-2: Foul Ball, location: 2F
1-2: Ball
2-2: Ball
3-2: Strikes out swinging
Bottom of the 9th over - 0 runs, 0 hits, 0 errors, 3 left on base; Coweta HS 8 - John Jay HS 6
Saturday, April 7th, 2018 - OOTP Baseball 18.8 Build 76